 Dungeon Crawl Stone Soup version 0.16-a0-3493-gd9d85f0 (webtiles) character file.

60 Charly the Conjurer (level 3, -15/26 HPs)
             Began as a Draconian Conjurer on Jan 4, 2015.
             Splashed by a jelly's acid (18 damage)
             ... on level 4 of the Dungeon.
             The game lasted 00:09:42 (723 turns).

Charly the Conjurer (Draconian Conjurer)             Turns: 723, Time: 00:09:44

Health: -15/26     AC:  5    Str: 15    XL:     3   Next: 82%
Magic:  1/6        EV: 12    Int: 16    God:
Gold:   44         SH:  0    Dex: 11    Spells: 1 memorised, 5 levels left

rFire  . . .     SeeInvis .     h - +0 hunting sling
rCold  . . .     Clarity  .     (armour unavailable)
rNeg   . . .     SustAb   .     (no shield)
rPois  .         Gourm    .     (helmet restricted)
rElec  .         Spirit   .     (no cloak)
rCorr  .         Warding  .     (no gloves)
rMut   .         Stasis   .     (no boots)
MR     .....                    (no amulet)
Stlth  ++........               (no ring)
                                j - +5 ring of strength

@: very slightly contaminated, not resistant to hostile enchantments, unstealthy
A: unfitting armour, cold-blooded, AC +5
a: no special abilities


You were on level 4 of the Dungeon.
You were not hungry.

You visited 1 branch of the dungeon, and saw 4 of its levels.

You collected 44 gold pieces.

Inventory:

Hand weapons
 a - a +0 whip
 h - a +0 hunting sling (weapon)
Missiles
 i - 4 sling bullets of flame (quivered)
Jewellery
 j - a +5 ring of strength (left hand)
Scrolls
 f - a scroll of enchant armour {unknown}
Potions
 e - a potion of might {unknown}
 g - a potion of lignification {unknown}
Books
 c - a book of Conjurations

   Spells                             Type                      Level
   a - Magic Dart                     Conjuration                  1
   b - Searing Ray                    Conjuration                  2
   c - Dazzling Spray                 Conjuration/Hexes            3
   d - Fulminant Prism                Conjuration/Hexes            4
   e - Iskenderun's Mystic Blast      Conjuration                  4
   f - Iskenderun's Battlesphere      Conjuration/Charms           5
Comestibles
 b - 2 bread rations
 d - a meat ration


   Skills:
 - Level 1.7 Dodging
 - Level 1.7 Stealth
 - Level 2.0 Spellcasting
 + Level 5.5 Conjurations


You had 5 spell levels left.
You knew the following spells:

 Your Spells              Type           Power        Failure   Level  Hunger
d - Magic Dart            Conj           ###.         1%          1    #......


Dungeon Overview and Level Annotations

Branches:
Dungeon (4/15)
 Temple: D:4-7

Altars:

Annotations:
D:4 Blork the orc


Innate Abilities, Weirdness & Mutations

Your plain brown scales are hard (AC +5).
Your body does not fit into most forms of armour.
Your cold-blooded metabolism reacts poorly to cold.


Message History

h - a +0 hunting sling (weapon)
Firing (i - inventory):
i - 5 sling bullets of flame (quivered)
Press: ? - help, Shift-Dir - straight line, f - jelly
Aim: a jelly You shoot a sling bullet of flame.
The sling bullet of flame hits the jelly.
The sling bullet of flame burns the jelly.
The jelly is moderately wounded.
Casting: Magic Dart
Confirm with . or Enter, or press ? or * to list all spells.
Aiming: Magic Dart
Press: ? - help, Shift-Dir - straight line, f/p - jelly
Aim: a jelly (moderately wounded)
The magic dart hits the jelly.
The jelly is heavily wounded.
The jelly hits you.
* * * LOW HITPOINT WARNING * * *
You are splashed with acid!
The acid burns!
Ouch! That really hurt!
You die...

#.# ###.###.###
##...........
###..#.###....
##...........##
##...###.###..
#..#.# #.# #....#
#.# . ##...###@#
. #....##J#
.####. ##......#
.....
###.#..#####?.#
#.#.....#..#
#.##.##.#..#
#.##.##....####
#...†##.##>J..#
####..#.###.#.J.#


You could see a jelly.

Vanquished Creatures
  4 adders
  A giant gecko (D:3)
  2 ball pythons
  3 bats
  2 hobgoblins
  A quokka (D:4)
  3 giant cockroaches
  A giant newt (D:3)
  3 goblins
  3 kobolds
  A rat (D:1)
24 creatures vanquished.

Notes
Turn   | Place    | Note
--------------------------------------------------------------
     0 | D:1      | Charly, the Draconian Conjurer, began the quest for the Orb.
     0 | D:1      | Reached XP level 1. HP: 14/14 MP: 3/3
   216 | D:3      | Reached XP level 2. HP: 20/20 MP: 2/4
   364 | D:4      | Noticed a scorpion
   446 | D:4      | Reached skill level 5 in Conjurations
   446 | D:4      | Reached XP level 3. HP: 26/26 MP: 0/6
   565 | D:4      | Noticed Blork the orc
   723 | D:4      | Splashed by a jelly's acid

Action                   || total
-------------------------++-------
Melee: Whip              ||    56
       Unarmed           ||     7
 Fire: Hunting sling     ||     1
 Cast: Magic Dart        ||    44
